 Dungeon Crawl Stone Soup version 0.29-a0-337-g68df138881 (webtiles) character file.

Game seed: 10233239845846696342

720 Lekart the Slasher (level 7, -10/61 HPs)
             Began as a Green Draconian Chaos Knight on Apr 17, 2022.
             Was a Plaything of Xom.
             Mangled by a sixfirhy (11 damage)
             ... summoned by Xom
             ... on level 5 of the Dungeon.
             The game lasted 00:05:35 (5962 turns).

Lekart the Slasher (Green Draconian Chaos Knight)   Turns: 5962, Time: 00:05:36

Health: -10/61     AC:  6    Str: 16      XL:     7   Next: 42%
Magic:  7/7        EV: 13    Int: 12      God:    Xom [.*....]
Gold:   268        SH:  0    Dex: 12 (13) Spells: 6/6 levels left

rFire   + . .      SeeInvis .   a - +1 falchion (chaos)
rCold   . . .      Faith    .   (no shield)
rNeg    . . .      Spirit   .   (body armour unavailable)
rPois   +          Reflect  .   (helmet restricted)
rElec   .          Harm     .   o - scarf {repulsion}
rCorr   .          Rampage  .   (no gloves)
Will    +....                   (no boots)
Stlth   +.........              (no amulet)
HPRegen 0.20/turn               l - ring of willpower
MPRegen 0.10/turn               (no ring)

@: repel missiles, unable to read
A: breathe noxious fumes, AC +6, unfitting armour, poison resistance,
cold-blooded, fire resistance 1, strong 1, inability to read while threatened,
noise suppression
a: Breathe Noxious Fumes, Renounce Religion


You were on level 5 of the Dungeon.
You worshipped Xom.
You were a plaything of Xom.
You visited 1 branch of the dungeon, and saw 5 of its levels.

You collected 268 gold pieces.

Inventory:

Hand Weapons
 a - a +1 falchion of chaos (weapon)
Missiles
 m - 6 poisoned darts (quivered)
Armour
 o - a scarf of repulsion (worn)
Jewellery
 f - a ring of positive energy
 l - a ring of willpower (left hand)
 r - a ring of willpower
Wands
 h - a wand of iceblast (6)
 p - a wand of flame (24)
Scrolls
 c - a scroll of identify
 e - a scroll of summoning {unknown}
 i - a scroll of blinking {unknown}
 k - a scroll of magic mapping {unknown}
 n - 4 scrolls of enchant armour
 q - a scroll of holy word {unknown}
 s - a scroll of amnesia {unknown}
Potions
 d - 2 potions of haste
 g - 2 potions of heal wounds
 j - a potion of degeneration
 t - a potion of curing
Miscellaneous
 b - a piece from Xom's chessboard (15/15)


   Skills:
 + Level 5.6 Fighting
 + Level 6.1 Long Blades
 + Level 0.7 Throwing
 + Level 4.5 Dodging


You had 6 spell levels left.
You didn't know any spells.
Your spell library contained the following spells:

 Spells                   Type           Power      Damage    Failure   Level
 Freeze                   Ice            0%         1d3       32%         1
 Corpse Rot               Necr/Air       0%         N/A       45%         2
 Poisonous Vapours        Pois/Air       0%         N/A       45%         2
 Frozen Ramparts          Ice            0%         1d2       69%         3
 Hailstorm                Conj/Ice       0%         3d3       97%         4


Dungeon Overview and Level Annotations

Branches:
Dungeon (5/15)
 Temple: D:4-7

Altars:
Dithmenos
Hepliaklqana
Kikubaaqudgha
Nemelex Xobeh
Okawaru
Qazlal
Ru
Vehumet
Xom
Zin

Annotations:
D:2 exclusion: downstairs


Innate Abilities, Weirdness & Mutations

You can breathe blasts of noxious fumes.
Your lurid green scales are hard. (AC +6)
You cannot fit into any form of body armour.
Your system is resistant to poisons. (rPois)
You are cold-blooded and may be slowed by cold attacks.
Your flesh is heat resistant. (rF+)
Your muscles are strong. (Str +2)
You sometimes lose the ability to read scrolls when taking damage.
You passively dampen the noise of your surroundings.


Message History

You kill the hound!
Found a robe.
No target in view!
You see here a +0 robe.
An adder comes into view.
The adder hisses angrily. "Let's see if it's strong enough to survive yet."
You are now a plaything of Xom.
You slash the ufetubus!
You kill the ufetubus!
The ufetubus disappears in a puff of smoke!
There are monsters nearby!
You hit the crimson imp but do no damage.
Lightning courses through the crimson imp!
You tail-slap the crimson imp.
You kill the crimson imp!
The crimson imp disappears in a puff of smoke!
The sixfirhy barely misses you. The sixfirhy hits you! The sixfirhy shocks you!
There are monsters nearby!
There are monsters nearby!
You closely miss the sixfirhy.
The sixfirhy hits you but does no damage.
The sixfirhy hits you. The sixfirhy shocks you! The sixfirhy misses you.
The sixfirhy hits you but does no damage.
You closely miss the sixfirhy. The sixfirhy misses you.
The adder bites you but does no damage.
You barely miss the sixfirhy.
Your tail-slap misses the sixfirhy.
The adder misses you.
Okay, then.
The adder bites you but does no damage.
The sixfirhy hits you but does no damage.
The sixfirhy attacks as you move away! The sixfirhy hits you!
You feel threatened and lose the ability to read scrolls!
The sixfirhy shocks you!
* * * LOW HITPOINT WARNING * * *
The sixfirhy hits you!
* * * LOW HITPOINT WARNING * * *
The sixfirhy shocks you!
You die...
Xom thinks this is hilarious!

.......... #. ...#####.#
... .. #.# #.#
............ #.#
......#...... # #.#
#....(.......# #.#..
...............
####.#.##.#.............
#......@................
####.#.3.....#.#.##.#...
#.#S##.#..#..........
####.#.##.#.............
#.....5.................
######.####..#.#.##..#..
#.# #..#.......... #.#
#..........#.. #.#
#.##.#รท##.###.


You could see a sixfirhy (summoned), an adder and an ufetubus (summoned).

Vanquished Creatures
  A water moccasin (D:5)
  A sky beast (D:5)
  2 scorpions (D:5)
  A jelly (D:5)
  2 hounds (D:5)
  3 orc priests
  An iguana (D:5)
  2 adders
  A shadow imp (D:5)
  3 white imps
  An ufetubus (D:4)
  A worm (D:2)
  A dart slug (D:1)
  9 orcs
  9 ball pythons
  10 endoplasms
  A giant cockroach (D:2)
  8 goblins
  10 hobgoblins
  17 jackals
  4 quokkas
  4 bats (D:1)
  3 frilled lizards
  5 kobolds
  3 rats
103 creatures vanquished.

Vanquished Creatures (collateral kills)
  Jessica (D:3)
1 creature vanquished.

Grand Total: 104 creatures vanquished

Notes
Turn   | Place    | Note
-------+----------+-------------------------------------------
     0 | D:1      | Lekart the Draconian Chaos Knight began the quest for the
                  | Orb.
     0 | D:1      | Reached XP level 1. HP: 19/19 MP: 1/1
    60 | D:1      | XOM: divination: magic mapping
   160 | D:1      | Reached XP level 2. HP: 25/26 MP: 2/2
   523 | D:1      | XOM: silly message
   635 | D:1      | Reached XP level 3. HP: 33/33 MP: 3/3
  1164 | D:2      | Found a faded altar of an unknown god.
  1248 | D:2      | XOM: 1-stop teleportation journey
  1691 | D:2      | XOM: give mutations
  1691 | D:2      | Gained mutation: You are strong-willed. (Will+) [Xom's
                  | grace]
  1691 | D:2      | Gained mutation: Your flesh is heat resistant. (rF+) [Xom's
                  | grace]
  1691 | D:2      | Gained mutation: Your muscles are strong. (Str +2) [Xom's
                  | grace]
  1691 | D:2      | Gained mutation: You passively dampen the noise of your
                  | surroundings. [Xom's grace]
  1762 | D:3      | Noticed Jessica
  1766 | D:3      | Killed Jessica
  1767 | D:3      | Reached XP level 4. HP: 36/40 MP: 4/4
  1768 | D:3      | Reached skill level 4 in Long Blades
  1800 | D:3      | XOM: torment (19/40 hp)
  2313 | D:3      | XOM: cloud trail
  2471 | D:3      | XOM: butterfly on damage
  2759 | D:3      | XOM: cloud trail
  2932 | D:3      | XOM: scenery: create altars
  3023 | D:3      | XOM: scenery: summon butterflies
  3106 | D:2      | XOM is BORED!
  3106 | D:2      | XOM: noise
  3233 | D:3      | XOM: potion effect (might)
  3233 | D:3      | XOM: butterfly on damage
  3246 | D:2      | Reached XP level 5. HP: 16/46 MP: 5/5
  3751 | D:3      | Reached skill level 5 in Long Blades
  4055 | D:4      | XOM: give mutations
  4055 | D:4      | Lost mutation: You are strong-willed. (Will+) [Xom's
                  | mischief]
  4055 | D:4      | Gained mutation: You sometimes lose the ability to read
                  | scrolls when taking damage. [Xom's mischief]
  4245 | D:4      | Found an iron altar of Okawaru.
  4256 | D:4      | Found a shadowy altar of Dithmenos.
  4259 | D:4      | Found an ancient bone altar of Kikubaaqudgha.
  4259 | D:4      | Found a hazy altar of Hepliaklqana.
  4260 | D:4      | XOM: silly message
  4266 | D:4      | Found a radiant altar of Vehumet.
  4290 | D:4      | Found a sparkling altar of Nemelex Xobeh.
  4318 | D:4      | Found a sacrificial altar of Ru.
  4531 | D:4      | XOM: confusion
  4710 | D:4      | Found a stormy altar of Qazlal.
  4874 | D:5      | Entered Level 5 of the Dungeon
  4941 | D:5      | Reached XP level 6. HP: 53/53 MP: 6/6
  5049 | D:5      | XOM: 4-stop teleportation journey
  5082 | D:5      | XOM: cloud trail
  5196 | D:5      | Found a glowing silver altar of Zin.
  5441 | D:5      | XOM: 1-stop teleportation journey
  5458 | D:5      | Noticed a sky beast
  5474 | D:5      | Killed a sky beast
  5475 | D:5      | Reached skill level 5 in Fighting
  5480 | D:5      | Your scales start taking on a lurid green colour.
  5480 | D:5      | Reached XP level 7. HP: 20/61 MP: 7/7
  5480 | D:5      | Gained mutation: Your system is resistant to poisons.
                  | (rPois) [Green Draconian growth]
  5534 | D:5      | XOM: 4-stop teleportation journey
  5544 | D:5      | XOM: summons friendly ufetubus
  5554 | D:5      | Reached skill level 6 in Long Blades
  5955 | D:5      | XOM: summons 4 hostile demons
  5956 | D:5      | Noticed a sixfirhy
  5962 | D:5      | HP: 1/61 [sixfirhy[Xom] (11)]
  5962 | D:5      | Mangled by a sixfirhy

Illustrated notes

Levels and vault maps discovered:
D:1:      lightli_arrival_chessboard, layout_loops_ring
D:2:      minmay_angry_zag, layout_basic, hellmonk_ecumenical_altar_zigzags
D:3:      layout_basic, uniq_jessica
D:4:      layout_loops_ring, nemelex_xobeh_ov_fountains_minmay,
          mainiacjoe_overflow_small_starburst, mainiacjoe_overflow_alcove_2,
          nicolae_overflow_hallway_of_the_gods
D:5:      layout_basic, mainiacjoe_overflow_brackets,
          chequers_serial_rivers_marsh

Skill      XL: |  1  2  3  4  5  6  7 |
---------------+----------------------+-----
Fighting       | 4 5 |  5.6
Dodging        | 3 4 |  4.5
Long Blades    | 4 5 6 |  6.1
Throwing       | |  0.7

Action                   |  1- 3 |  4- 6 |  7- 9 || total
-------------------------+-------+-------+-------++-------
Melee: Falchion          |   122 |   190 |    43 ||   355
       Tailslap          |    13 |    25 |     3 ||    41
       Punch             |     1 |       |       ||     1
Throw: Dart              |    17 |       |       ||    17
 Abil: Breathe Noxious F |       |       |     1 ||     1
Evoke: Piece from Xom's  |     1 |       |       ||     1
  Use: Scroll            |     2 |     6 |       ||     8
       Potion            |       |     6 |       ||     6
 Stab: Sleeping          |       |     1 |       ||     1
Armor: Skin              |    43 |    63 |    17 ||   123
Dodge: Dodged            |    93 |   177 |    32 ||   302
       Repelled          |       |       |     2 ||     2

Table legend: (Time is in decaauts)
 A = Elapsed time spent in this place.
 B = Non-inter-level travel time spent in this place.
 C = Inter-level travel time spent in this place.
 D = Time resting spent in this place.
 E = Time spent auto-exploring this place.
 F = Levels seen in this place.
 G = Mean time per level.
                   A        B        C        D        E       F      G
               +--------+--------+--------+--------+--------+-----+--------+
         Total |   5992 |   5772 |    220 |   1168 |   3789 |   5 | 1198.4 |
       Dungeon |   5992 |   5772 |    220 |   1168 |   3789 |   5 | 1198.4 |
               +--------+--------+--------+--------+--------+-----+--------+

Top non-repeatable levels by time:
     D:3: 1584 daAuts
     D:2: 1364 daAuts
     D:5: 1092 daAuts
     D:4: 1031 daAuts
     D:1: 919 daAuts
